 Dungeon Crawl Stone Soup version 0.29.1-15-g9cfb28693d (webtiles) character file.

Game seed: 12086754926780747392

4131 Heoruswealwe the Thaumaturge (level 10, -7/50 HPs)
             Began as a Deep Elf Earth Elementalist on Apr 18, 2023.
             Was a Believer of Vehumet.
             Mangled by a gargoyle
             ... wielding a +3 mace
              (16 damage)
             ... in a bailey.
             The game lasted 01:24:08 (7975 turns).

Heoruswealwe the Thaumaturge (DEEE)                 Turns: 7975, Time: 01:24:11

Health: -7/50      AC:  6    Str:  5    XL:     10   Next: 6%
Magic:  25/29      EV: 12    Int: 25    God:    Vehumet [**....]
Gold:   132        SH:  0    Dex: 15    Spells: 26/36 levels left

rFire   . . .      SeeInvis .   b - +0 battleaxe
rCold   . . .      Faith    .   (shield currently unavailable)
rNeg    . . .      Spirit   .   c - +0 robe
rPois   .          Reflect  .   g - +0 helmet
rElec   .          Harm     .   h - +0 cloak {Will+}
rCorr   .          Rampage  .   f - +0 pair of gloves
Will    +++..                   e - +0 pair of boots
Stlth   ++........              (no amulet)
HPRegen 0.16/turn               k - ring of willpower
MPRegen 0.21/turn               (no ring)

@: no status effects
A: no striking features
a: Renounce Religion


You were in a bailey.
You worshipped Vehumet.
Vehumet was pleased with you.
You visited 2 branches of the dungeon, and saw 8 of its levels.
You also visited: Ossuary and Bailey.

You collected 428 gold pieces.
You spent 296 gold pieces at shops.

Inventory:

Hand Weapons
 b - a +0 battleaxe (weapon)
Armour
 c - a +0 robe (worn)
 e - a +0 pair of boots (worn)
 f - a +0 pair of gloves (worn)
 g - a +0 helmet (worn)
 h - a +0 cloak of willpower (worn)
 q - a +0 robe
Magical Staves
 p - a staff of air
Jewellery
 k - a ring of willpower (left hand)
Wands
 s - a wand of polymorph (8)
 y - a wand of roots (8)
 I - a wand of paralysis (4)
Scrolls
 d - 2 scrolls of brand weapon
 i - 2 scrolls of amnesia
 l - 3 scrolls of immolation {unknown}
 t - 5 scrolls of fear {unknown}
 z - 3 scrolls of teleportation {unknown}
 A - 2 scrolls of noise {unknown}
 C - 9 scrolls of vulnerability {unknown}
 K - 3 scrolls of enchant weapon {unknown}
 L - 4 scrolls of enchant armour {unknown}
 M - 2 scrolls of summoning
Potions
 a - a potion of brilliance {unknown}
 j - a potion of degeneration {unknown}
 m - a potion of might {unknown}
 n - 3 potions of attraction {unknown}
 o - 2 potions of magic
 u - 2 potions of flight {unknown}
 v - a potion of resistance {unknown}
 w - 3 potions of cancellation {unknown}
 E - 2 potions of berserk rage {unknown}
 H - a potion of ambrosia {unknown}
 N - a potion of mutation {unknown}
 O - 4 potions of curing {unknown}
 P - a potion of lignification {unknown}
 Q - a potion of haste {unknown}
 R - 2 potions of invisibility {unknown}


   Skills:
 - Level 2.4 Dodging
 - Level 2.4 Stealth
 + Level 13.5 Spellcasting
 - Level 1.1 Transmutations
 + Level 11.7 Earth Magic


You had 26 spell levels left.
You knew the following spells:

 Your Spells              Type           Power      Damage    Failure   Level
a - Sandblast             Erth           100%       2d20      1%          1
b - Stone Arrow           Conj/Erth      92%        3d12      1%          3
c - Petrify               Tmut/Erth      49%        N/A       2%          4
z - Passwall              Tmut/Erth      40%        N/A       1%          2

Your spell library contained the following spells:

 Spells                   Type           Power      Damage    Failure   Level
 Magic Dart               Conj           64%        1d6       3%          1
 Shock                    Conj/Air       64%        1d7       3%          1
 Slow                     Hex            64%        N/A       3%          1
 Static Discharge         Conj/Air       16%        3-5/arc   5%          2
 Confusing Touch          Hex            16%        N/A       11%         3
 Swiftness                Air            16%        N/A       11%         3
 Vampiric Draining        Necr           16%        2d7       11%         3
 Airstrike                Air            8%         2d(2-18)  34%         4
 Dispel Undead            Necr           16%        3d10      34%         4
 Sticky Flame             Conj/Fire      16%        2d4       34%         4


Dungeon Overview and Level Annotations

Branches:
Dungeon (7/15)             Temple (1/1) D:5         Ossuary (visited)
 Bailey (1/1)

Altars:
Cheibriados
Elyvilon
Fedhas
Gozag
Hepliaklqana
Nemelex Xobeh
Okawaru
Qazlal
Trog
Uskayaw
Vehumet
Wu Jian
Yredelemnul
The Shining One

Shops:
D:1 *


Message History

You see here a +0 spear.
You see here a +0 trident.
You see here a +5 spear.
An orc warrior zombie and 2 orc zombies come into view.
You can't see any susceptible monsters within range! (Use Z to cast anyway.)
The blast of sand hits the orc warrior zombie!!
The orc warrior zombie is almost destroyed.
The blast of sand hits the orc warrior zombie!
You destroy the orc warrior zombie!
Vehumet accepts your kill. The orc zombie barely misses you.
The blast of sand hits the orc zombie!!
You destroy the orc zombie!
Vehumet accepts your kill.
The blast of sand hits the orc zombie!!
You destroy the orc zombie!
Vehumet accepts your kill.
Things that are here:
a +0 spear; a +0 spear You see here a +0 trident.
A gargoyle comes into view. It is wielding a +3 mace.
The blast of sand hits the gargoyle but does no damage.
The blast of sand hits the gargoyle!
The gargoyle is moderately damaged.
The gargoyle hits you with a +3 mace!!
The blast of sand hits the gargoyle but does no damage.
The gargoyle is moderately damaged.
The gargoyle hits you with a +3 mace!
* * * LOW HITPOINT WARNING * * *
You feel much better.
The gargoyle hurls a stone arrow at you.
The stone arrow misses you.
The blast of sand hits the gargoyle!
The gargoyle is almost destroyed.
The gargoyle hurls a stone arrow at you.
The stone arrow hits you!!
Ouch! That really hurt!
* * * LOW HITPOINT WARNING * * *
The gargoyle hits you with a +3 mace!
You die... ♣....#...#### bbb#

....####....+....#
...##..##...+..b.#
#######..).#...#..b.#
..........)....#.b.b#
........#......#
#++##...##....8#
##...#######
##..@9....#
#8......8# ##########


You could see a gargoyle.

Vanquished Creatures
  A hydra (D:6)
  The ghost of Zippel the Shield-Bearer, a novice FoFi of the Shining One (D:6)
  A wraith (Ossuary)
  Eustachio (D:4)
  A steam dragon (D:6)
  Menkaure (D:6)
  A water moccasin (D:4)
  Duvessa (D:6)
  A black bear (D:5)
  2 sky beasts (D:7)
  3 ogres
  2 centaurs
  A phantom (D:4)
  A kobold brigand (D:6)
  2 bullfrogs
  A scorpion (D:6)
  A necrophage (D:6)
  Dowan (D:6)
  7 wolf zombies (Bailey)
  A human zombie (Ossuary)
  3 hounds
  4 orc priests
  Crazy Yiuf (D:6)
  2 jellies
  A gnoll bouda (D:3)
  6 orc wizards
  An iguana (D:5)
  3 mummies (Ossuary)
  11 adders
  A shadow imp (D:5)
  A white imp (D:5)
  An ufetubus (D:6)
  3 worms
  16 orcs
  8 ball pythons
  3 bats
  10 endoplasms
  3 giant cockroaches
  15 goblins
  4 hobgoblins
  3 jackals (D:3)
  4 quokkas
  4 frilled lizards
  A gnoll zombie (Ossuary)
  3 goblin zombies (Ossuary)
  3 hobgoblin zombies (Ossuary)
  13 kobolds
  5 kobold zombies (Ossuary)
  13 orc zombies (Bailey)
  7 rats
  A butterfly (D:5)
185 creatures vanquished.

Vanquished Creatures (others)
  5 fungi (D:6)
  122 plants (D:4)
127 creatures vanquished.

Grand Total: 312 creatures vanquished

Notes
Turn   | Place    | Note
-------+----------+-------------------------------------------
     0 | D:1      | Heoruswealwe the Deep Elf Earth Elementalist began the
                  | quest for the Orb.
     0 | D:1      | Reached XP level 1. HP: 10/10 MP: 6/6
     6 | D:1      | Found a faded altar of an unknown god.
    57 | D:1      | Prayed at the altar of an unknown god.
    57 | D:1      | Became a worshipper of Uskayaw the Reveller
    57 | D:1      | Reached * piety under Uskayaw
    58 | D:1      | Fell from the grace of Uskayaw
    72 | D:1      | Found Kaisor's Assorted Antiques.
    99 | D:1      | Reached XP level 2. HP: 15/15 MP: 4/8
   268 | D:1      | Learned a level 2 spell: Passwall
   567 | D:2      | Reached skill level 4 in Spellcasting
   640 | D:2      | Reached XP level 3. HP: 19/19 MP: 6/10
   644 | D:2      | Learned a level 3 spell: Stone Arrow
  1494 | D:3      | Reached XP level 4. HP: 24/24 MP: 10/12
  1531 | D:3      | Reached skill level 5 in Spellcasting
  1579 | D:3      | Learned a level 4 spell: Petrify
  1862 | D:3      | Reached skill level 5 in Earth Magic
  1910 | D:3      | Reached XP level 5. HP: 17/28 MP: 11/15
  2045 | D:3      | Found a hazy altar of Hepliaklqana.
  2158 | D:1      | Bought a scroll labelled XURUOF ROCW for 21 gold pieces
  2158 | D:1      | Bought a scroll labelled HOXZID IVAMO for 21 gold pieces
  2158 | D:1      | Bought a scroll labelled SUSOUB CORA for 21 gold pieces
  2158 | D:1      | Bought a scroll labelled FUZISM ADYI for 21 gold pieces
  2158 | D:1      | Bought a dark potion for 18 gold pieces
  2158 | D:1      | Bought 2 coppery potions for 37 gold pieces
  2280 | D:4      | Paralysed by the fury of Uskayaw for 3 turns
  2473 | D:4      | Noticed a water moccasin
  2475 | D:4      | Paralysed by the fury of Uskayaw for 4 turns
  2479 | D:4      | Killed a water moccasin
  2480 | D:4      | Reached skill level 6 in Spellcasting
  2480 | D:4      | Reached XP level 6. HP: 22/32 MP: 13/17
  2793 | D:4      | Noticed Eustachio
  2801 | D:4      | Killed Eustachio
  2802 | D:4      | Reached skill level 7 in Spellcasting
  2895 | D:4      | Found a stormy altar of Qazlal.
  2902 | D:4      | Reached XP level 7. HP: 35/36 MP: 15/20
  2979 | D:4      | Found Jiphubop's Magic Scroll Shoppe.
  3225 | D:5      | Entered Level 5 of the Dungeon
  3301 | D:5      | Reached skill level 8 in Spellcasting
  3401 | D:5      | Found a staircase to the Ecumenical Temple.
  3730 | D:5      | Found a sand-covered staircase.
  3737 | Ossuary  | Entered an ossuary
  3737 | Ossuary  | Noticed a wraith
  3737 | Ossuary  | Noticed a wraith
  3737 | Ossuary  | Noticed a wraith
  4026 | Ossuary  | Reached skill level 9 in Spellcasting
  4159 | Ossuary  | Noticed a wraith
  4169 | Ossuary  | Killed a wraith
  4170 | Ossuary  | Reached XP level 8. HP: 29/41 MP: 16/23
  4500 | Temple   | Entered the Ecumenical Temple
  4551 | Temple   | Became a worshipper of Vehumet
  5468 | D:6      | Found an opulent altar of Gozag.
  5664 | D:6      | Reached skill level 10 in Spellcasting
  5672 | D:6      | Noticed Menkaure
  5681 | D:6      | Killed Menkaure
  5859 | D:6      | Noticed Dowan
  5861 | D:6      | Noticed Duvessa
  5880 | D:6      | Killed Duvessa
  5882 | D:6      | Killed Dowan
  5951 | D:6      | Reached * piety under Vehumet
  5951 | D:6      | Offered knowledge of Freeze by Vehumet.
  5952 | D:6      | Reached skill level 11 in Spellcasting
  6061 | D:6      | Reached XP level 9. HP: 45/45 MP: 23/26
  6090 | D:6      | Noticed a six-headed hydra
  6099 | D:6      | Killed a six-headed hydra
  6100 | D:6      | Reached skill level 12 in Spellcasting
  6100 | D:6      | Reached skill level 10 in Earth Magic
  6302 | D:6      | Found a runed translucent door.
  6310 | D:6      | Noticed Zippel's ghost (novice FoFi)
  6491 | D:6      | Found a runed translucent door.
  6492 | D:6      | Noticed Crazy Yiuf
  6499 | D:6      | Killed Crazy Yiuf
  6593 | D:6      | Was forgiven by Uskayaw
  6694 | D:6      | Killed Zippel's ghost
  6695 | D:6      | Reached skill level 13 in Spellcasting
  6943 | D:1      | Bought a glowing cloak for 157 gold pieces
  7421 | D:7      | Found a flagged portal.
  7427 | Bailey   | Entered a bailey
  7689 | Bailey   | Reached XP level 10. HP: 35/50 MP: 27/29
  7698 | Bailey   | Offered knowledge of Magic Dart by Vehumet.
  7960 | Bailey   | Reached ** piety under Vehumet
  7969 | Bailey   | Noticed a gargoyle
  7975 | Bailey   | Mangled by a gargoyle

Illustrated notes

Levels and vault maps discovered:
D:1:      wander_arrival_desolate, layout_loops_ring, serial_shops, shop,
          chequers_ecumenical_altar_simple_redux
D:2:      layout_basic, grunt_ministairs_2
D:3:      layout_rooms, mainiacjoe_overflow_24_doors,
          hangedman_abyss_or_decor_lesser_grid, minmay_joined_circles
D:4:      layout_loops_cross, nicolae_qazlal_general_emergency, serial_bayou,
          serial_bayou_lake_a, serial_bayou_crossing, serial_bayou_shore_a,
          serial_bayou_lagoon_a, serial_shops, nicolae_take_the_stairs,
          uniq_eustachio
D:5:      layout_basic, minmay_temple_entry_butterflies,
          nicolae_ossuary_entry_monument, chequers_serial_rivers_small_3
D:6:      layout_layer_cave, nicolae_gozag_cash_rules_everything_around_me,
          ebering_ghost_reflecting_pool, uniq_menkaure, uniq_crazy_yiuf_cottage,
          uniq_duvessa
D:7:      layout_gridville, chequers_temple_overflow_minitemple, enter_bailey_3
Temple:   grunt_temple_mini_profane
Bailey:   bailey_polearm_vampire_castle_hellmonk, bailey

Skill      XL: |  1  2  3  4  5  6  7  8  9 |
---------------+----------------------------+-----
Spellcasting   | 4 5 6 7 9 11 13 | 13.5
Earth Magic    | 4 5 6 8 9 11 | 11.7
Dodging        | |  2.4
Stealth        | |  2.4
Transmutations | |  1.1

Action                   |  1- 3 |  4- 6 |  7- 9 | 10-12 || total
-------------------------+-------+-------+-------+-------++-------
Melee: War axe           |       |     1 |       |       ||     1
       Battleaxe         |       |   132 |    43 |       ||   175
 Cast: Sandblast         |    49 |    72 |   156 |    27 ||   304
       Passwall          |       |       |     5 |       ||     5
Invok: Renounce Religion |     1 |       |       |       ||     1
Evoke: Wand              |       |       |     1 |       ||     1
  Use: Scroll            |       |     5 |     5 |       ||    10
       Potion            |       |       |     6 |     1 ||     7
Armor: Robe              |     2 |    10 |    15 |     5 ||    32
Dodge: Dodged            |     3 |    23 |    33 |    10 ||    69
